[Event "GER-chT Youth Countries 2020"]
[Site "Berlin"]
[Date "2020.10.02"]
[Round "5"]
[White "Nguyen, Huy Dat"]
[Black "Kolb, Tobias"]
[Result "1/2-1/2"]
[ECO "B19"]
[WhiteElo "2166"]
[BlackElo "2268"]
[Annotator "ChessBase"]
[PlyCount "70"]
[EventDate "2020.09.30"]
[EventType "team-tourn"]
[EventRounds "7"]
[EventCountry "GER"]
[SourceTitle "playchess.com"]
[Source "ChessBase"]
[SourceQuality "1"]
[TimeControl "30/5400+30:0"]

1. e4 c6 2. d4 d5 3. Nc3 dxe4 4. Nxe4 Bf5 5. Ng3 Bg6 6. h4 h6 7. Nf3 Nd7 8. h5 Bh7 9. Bd3 Bxd3 10. Qxd3 e6 11. Bd2 Qc7 12. O-O-O Ngf6 13. Kb1 O-O-O 14. Ne4 c5 15. Nc3 a6 16. Qe2 c4 17. Ne5 Nb6 18. Be1 Bd6 19. f4 Kb8 20. Bh4 Rc8 21. Bxf6 gxf6 22. Ng4 Bb4 23. Nxf6 Bxc3 24. bxc3 Na4 25. Rh3 Qxf4 26. Rf1 Qc7 27. Qe5 Qxe5 28. Nd7+ Kc7 29. Nxe5 f5 30. Kc1 Rcg8 31. Ng6 Rh7 32. Re3 Kd6 33. Kd2 Nb6 34. Rfe1 Re8 35. Re5 Rf7 1/2-1/2

[Event "GER-chT Youth Countries 2020"]
[Site "Berlin"]
[Date "2020.10.02"]
[Round "5"]
[White "Deuer, Marius"]
[Black "Basovskiy, Jana"]
[Result "1/2-1/2"]
[ECO "D37"]
[WhiteElo "2161"]
[BlackElo "1760"]
[Annotator "ChessBase"]
[PlyCount "81"]
[EventDate "2020.09.30"]
[EventType "team-tourn"]
[EventRounds "7"]
[EventCountry "GER"]
[SourceTitle "playchess.com"]
[Source "ChessBase"]
[SourceQuality "1"]
[TimeControl "30/5400+30:0"]

1. d4 Nf6 2. c4 e6 3. Nf3 d5 4. Nc3 Be7 5. Bf4 O-O 6. e3 b6 7. cxd5 exd5 8. Be2 Bb7 9. Rc1 Nbd7 10. h3 c5 11. O-O Rc8 12. Qc2 Ne4 13. dxc5 Ndxc5 14. Qb1 Ne6 15. Be5 Bf6 16. Bxf6 Qxf6 17. Nb5 a6 18. Na7 Rc5 19. b4 Rxc1 20. Rxc1 Ra8 21. Nc6 Nc3 22. Qb2 Nxe2+ 23. Qxe2 Rc8 24. b5 axb5 25. Qxb5 Nd8 26. Qxb6 Rxc6 27. Rxc6 Bxc6 28. Nd4 Bd7 29. Qc7 Be8 30. Qc5 Qe5 31. Qc8 Qe7 32. Qa8 Qd7 33. a4 Ne6 34. a5 Nxd4 35. exd4 Qc6 36. Qb8 Kf8 37. Qb4+ Kg8 38. Qb8 Qb5 39. Qd8 Qd7 40. Qb8 Qb5 41. Qd8 1/2-1/2

[Event "GER-chT Youth Countries 2020"]
[Site "Berlin"]
[Date "2020.10.02"]
[Round "5"]
[White "Hinrichs, Paul"]
[Black "Lesny, Florian"]
[Result "0-1"]
[ECO "D47"]
[WhiteElo "2152"]
[BlackElo "2178"]
[Annotator "ChessBase"]
[PlyCount "116"]
[EventDate "2020.09.30"]
[EventType "team-tourn"]
[EventRounds "7"]
[EventCountry "GER"]
[SourceTitle "playchess.com"]
[Source "ChessBase"]
[SourceQuality "1"]
[TimeControl "30/5400+30:0"]

1. d4 d5 2. c4 c6 3. Nf3 Nf6 4. Nc3 e6 5. e3 Nbd7 6. Bd3 dxc4 7. Bxc4 b5 8. Bd3 Bd6 9. O-O O-O 10. e4 e5 11. Bg5 h6 12. Bh4 exd4 13. Nxd4 Ne5 14. Be2 b4 15. Na4 g5 16. Bg3 Nxe4 17. Rc1 Nxg3 18. fxg3 Bd7 19. Nc5 Bxc5 20. Rxc5 Qe7 21. Qc2 Rfe8 22. Bh5 Qd6 23. Nf3 Nxf3+ 24. Rxf3 Qd4+ 25. Kf1 Re7 26. Rd3 Qe4 27. Qd2 Bf5 28. Rd4 Qe6 29. Rd6 Qe4 30. Bf3 Qb1+ 31. Rc1 Qxa2 32. Bxc6 Qa6+ 33. Kg1 Qb6+ 34. Kh1 Rc8 35. Rf6 Qe3 36. Qxe3 Rxe3 37. Ra1 Be6 38. Bb5 Kg7 39. Rf2 Rc5 40. Bf1 a5 41. Rd2 Rce5 42. Kg1 Re1 43. Rxe1 Rxe1 44. Kf2 Re5 45. h3 a4 46. g4 a3 47. bxa3 bxa3 48. Rd1 a2 49. Bd3 Kf6 50. Ra1 Ra5 51. Ke3 Ke5 52. Rd1 Kf6 53. Ra1 Ke5 54. Kd2 Kd4 55. Be2 Ra3 56. Bb5 Bd5 57. Bf1 Rg3 58. Ke2 Rb3 0-1

[Event "GER-chT Youth Countries 2020"]
[Site "Berlin"]
[Date "2020.10.02"]
[Round "5"]
[White "Popvasilev, Kaloyan"]
[Black "Burian, Simon"]
[Result "1/2-1/2"]
[ECO "B92"]
[WhiteElo "2145"]
[BlackElo "2113"]
[Annotator "ChessBase"]
[PlyCount "41"]
[EventDate "2020.09.30"]
[EventType "team-tourn"]
[EventRounds "7"]
[EventCountry "GER"]
[SourceTitle "playchess.com"]
[Source "ChessBase"]
[SourceQuality "1"]
[TimeControl "30/5400+30:0"]

1. e4 c5 2. Nf3 d6 3. d4 cxd4 4. Nxd4 Nf6 5. Nc3 a6 6. Be2 e5 7. Nf3 Be6 8. Bg5 Nbd7 9. O-O Be7 10. a4 h6 11. Bxf6 Nxf6 12. Re1 O-O 13. Bf1 Qa5 14. Qd2 Qb4 15. Nd1 Qxd2 16. Nxd2 Rac8 17. c3 Rfe8 18. Ne3 Bf8 19. Bc4 Bxc4 20. Nexc4 Red8 21. Nb6 1/2-1/2

[Event "GER-chT Youth Countries 2020"]
[Site "Berlin"]
[Date "2020.10.02"]
[Round "5"]
[White "Sreyas Payyappat"]
[Black "Pikalow, Michael"]
[Result "1-0"]
[ECO "B93"]
[WhiteElo "2144"]
[BlackElo "2021"]
[Annotator "ChessBase"]
[PlyCount "82"]
[EventDate "2020.09.30"]
[EventType "team-tourn"]
[EventRounds "7"]
[EventCountry "GER"]
[SourceTitle "playchess.com"]
[Source "ChessBase"]
[SourceQuality "1"]
[TimeControl "30/5400+30:0"]

1. e4 c5 2. Nf3 d6 3. d4 cxd4 4. Nxd4 Nf6 5. Nc3 a6 6. f4 e5 7. Nf3 Nbd7 8. a4 Be7 9. Bc4 O-O 10. O-O exf4 11. Bxf4 Qb6+ 12. Kh1 Qxb2 13. Qe1 Qb6 14. Rd1 Qc7 15. Bb3 Ne5 16. Bg5 Be6 17. Nd4 Bg4 18. Bxf6 Bxf6 19. Nd5 Qd8 20. Nxf6+ gxf6 21. Rd2 Qe7 22. Rdf2 Nd7 23. Rf4 Be6 24. Rh4 Rfc8 25. Qe3 Nf8 26. Qh6 Rc5 27. Rxf6 Re5 28. h3 Rc8 29. Nxe6 fxe6 30. Rg4+ Kh8 31. Rgf4 Kg8 32. R4f5 Re8 33. Qg5+ Qg7 34. Rxe5 dxe5 35. Qxe5 Kh8 36. Qf4 Ng6 37. Qf1 Rd8 38. Bxe6 Qc7 39. Bd5 Qg3 40. Rf7 Rd6 41. Qa1+ Ne5 1-0

[Event "GER-chT Youth Countries 2020"]
[Site "Berlin"]
[Date "2020.10.02"]
[Round "5"]
[White "Jeschke, Jan"]
[Black "Reuker, Jari"]
[Result "0-1"]
[ECO "C45"]
[WhiteElo "2043"]
[BlackElo "2401"]
[Annotator "ChessBase"]
[PlyCount "56"]
[EventDate "2020.09.30"]
[EventType "team-tourn"]
[EventRounds "7"]
[EventCountry "GER"]
[SourceTitle "playchess.com"]
[Source "ChessBase"]
[SourceQuality "1"]
[TimeControl "30/5400+30:0"]

1. e4 e5 2. Nf3 Nc6 3. d4 exd4 4. Nxd4 Nf6 5. Nxc6 bxc6 6. e5 Qe7 7. Qe2 Nd5 8. h4 Qe6 9. c4 Nb6 10. Nd2 a5 11. g3 Bb4 12. a3 Bxd2+ 13. Bxd2 Ba6 14. b3 a4 15. Bh3 Qe7 16. O-O axb3 17. Rfe1 Bxc4 18. Qg4 O-O 19. Qh5 Be6 20. Bg5 Qc5 21. Be3 Qc2 22. Bg2 Qf5 23. Bg5 Qg4 24. Qxg4 Bxg4 25. Rab1 Be6 26. h5 h6 27. Be7 Rfb8 28. f4 Nc4 0-1

[Event "GER-chT Youth Countries 2020"]
[Site "Berlin"]
[Date "2020.10.02"]
[Round "5"]
[White "Muedder, Melanie"]
[Black "Fock, Amina"]
[Result "1/2-1/2"]
[ECO "B90"]
[WhiteElo "2039"]
[BlackElo "1840"]
[Annotator "ChessBase"]
[PlyCount "146"]
[EventDate "2020.09.30"]
[EventType "team-tourn"]
[EventRounds "7"]
[EventCountry "GER"]
[SourceTitle "playchess.com"]
[Source "ChessBase"]
[SourceQuality "1"]
[TimeControl "30/5400+30:0"]

1. e4 c5 2. Nf3 d6 3. d4 cxd4 4. Nxd4 Nf6 5. Nc3 a6 6. h3 e5 7. Nb3 h5 8. Bg5 Be6 9. f4 exf4 10. Qd2 Be7 11. Bxf4 Nc6 12. O-O-O Ne5 13. Nd4 Qc7 14. Nxe6 fxe6 15. Be2 h4 16. g3 hxg3 17. Bxg3 b5 18. a3 Rb8 19. Qd4 Nc6 20. Bxd6 Nxd4 21. Bxc7 Nxe2+ 22. Nxe2 Rc8 23. Be5 Nxe4 24. Bxg7 Rg8 25. Bd4 Rg2 26. Nc3 Nxc3 27. Bxc3 Bxa3 28. Kb1 Bc5 29. Rhe1 Ke7 30. Rf1 b4 31. Bf6+ Ke8 32. c3 bxc3 33. Bxc3 Rb8 34. Rf6 Rb6 35. Rh6 Ba3 36. Rh8+ Ke7 37. Rh7+ Ke8 38. Bf6 Bd6 39. Bc3 Ba3 40. Bf6 Bd6 41. Rc1 Rb8 42. Rc6 e5 43. Rh8+ Kf7 44. Rxb8 Bxb8 45. Rxa6 Rg6 46. Rb6 Rxf6 47. Rxb8 Rf3 48. h4 Rf4 49. h5 Rh4 50. Rb7+ Kf6 51. h6 Kf5 52. h7 e4 53. Kc2 Rh2+ 54. Kc3 Kf4 55. Rf7+ Ke5 56. b4 Ke6 57. Rg7 Kd5 58. b5 Kc5 59. Rb7 Rh3+ 60. Kd2 Kd4 61. Rc7 Rh2+ 62. Kc1 e3 63. b6 Rh1+ 64. Kc2 Rh2+ 65. Kd1 Rh1+ 66. Ke2 Rh2+ 67. Kf1 Rh1+ 68. Kg2 e2 69. Re7 e1=Q 70. Rxe1 Rxh7 71. Rb1 Rb7 72. Kf3 Kc5 73. Ke4 Rxb6 1/2-1/2

[Event "GER-chT Youth Countries 2020"]
[Site "Berlin"]
[Date "2020.10.02"]
[Round "5"]
[White "Nguyen, Ha Thanh"]
[Black "Junker, Magnus"]
[Result "0-1"]
[ECO "B98"]
[WhiteElo "2019"]
[BlackElo "2093"]
[Annotator "ChessBase"]
[PlyCount "76"]
[EventDate "2020.09.30"]
[EventType "team-tourn"]
[EventRounds "7"]
[EventCountry "GER"]
[SourceTitle "playchess.com"]
[Source "ChessBase"]
[SourceQuality "1"]
[TimeControl "30/5400+30:0"]

1. e4 c5 2. Nf3 d6 3. d4 cxd4 4. Nxd4 Nf6 5. Nc3 a6 6. Bg5 e6 7. f4 Be7 8. Qe2 Nbd7 9. O-O-O h6 10. Bh4 O-O 11. Bf2 Qc7 12. g4 d5 13. e5 Ne8 14. Bg3 b5 15. h4 Nc5 16. a3 Rb8 17. f5 b4 18. axb4 Rxb4 19. Qe3 Qb6 20. f6 gxf6 21. Qxh6 Rxb2 22. Bb5 Rxb5 23. Ncxb5 axb5 24. g5 Ne4 25. gxf6 Qa5 26. Kb1 Nc3+ 27. Kc1 Qa3+ 28. Kd2 Ne4+ 29. Ke2 Bxf6 30. exf6 e5 31. Rhg1 Bg4+ 32. Kf1 Nxg3+ 33. Rxg3 Qxg3 34. Rd3 Bh3+ 35. Ke2 Qg2+ 36. Ke1 exd4 37. Qf4 Bg4 38. Qe5 Qe4+ 0-1

[Event "GER-chT Youth Countries 2020"]
[Site "Berlin"]
[Date "2020.10.02"]
[Round "5"]
[White "Wu, Luka"]
[Black "Yi, Danny"]
[Result "1-0"]
[ECO "C95"]
[WhiteElo "2019"]
[BlackElo "2266"]
[Annotator "ChessBase"]
[PlyCount "115"]
[EventDate "2020.09.30"]
[EventType "team-tourn"]
[EventRounds "7"]
[EventCountry "GER"]
[SourceTitle "playchess.com"]
[Source "ChessBase"]
[SourceQuality "1"]
[TimeControl "30/5400+30:0"]

1. e4 e5 2. Nf3 Nc6 3. Bb5 a6 4. Ba4 Nf6 5. O-O Be7 6. Re1 b5 7. Bb3 d6 8. c3 O-O 9. h3 Nb8 10. d4 Nbd7 11. Nbd2 Bb7 12. Bc2 Re8 13. Nf1 Bf8 14. Ng3 g6 15. a4 c5 16. d5 c4 17. Bg5 h6 18. Be3 Qc7 19. Qd2 Kh7 20. Ra3 Nc5 21. Rea1 Nfd7 22. Nf1 Reb8 23. Qe2 Nb6 24. Bxc5 Qxc5 25. Ne3 Bc8 26. a5 Nd7 27. b3 cxb3 28. Rxb3 Qc7 29. c4 Nc5 30. Rb4 Bd7 31. Nd2 Be7 32. Nb3 Bg5 33. Nxc5 Qxc5 34. Rab1 Bd8 35. cxb5 axb5 36. Bd3 Bxa5 37. R4b3 b4 38. Nc4 Ba4 39. Nxa5 Rxa5 40. R3b2 Bd7 41. Qd2 Ra3 42. Bc2 Rc3 43. Bd1 f5 44. Ra1 fxe4 45. Kh2 Rd3 46. Qe2 Qxd5 47. Bc2 Rd4 48. Ra7 Rb7 49. Qa6 Bc8 50. Bb3 Rxa7 51. Qxa7+ Qb7 52. Qa5 Rd3 53. Qd8 Rxb3 54. Rxb3 Be6 55. Rb1 Bc4 56. Qxd6 b3 57. Qxe5 h5 58. Rc1 1-0

[Event "GER-chT Youth Countries 2020"]
[Site "Berlin"]
[Date "2020.10.02"]
[Round "5"]
[White "Farokhi, Keyvan"]
[Black "Simon, Tessa"]
[Result "1-0"]
[ECO "B33"]
[WhiteElo "2001"]
[BlackElo "1860"]
[Annotator "ChessBase"]
[PlyCount "79"]
[EventDate "2020.09.30"]
[EventType "team-tourn"]
[EventRounds "7"]
[EventCountry "GER"]
[SourceTitle "playchess.com"]
[Source "ChessBase"]
[SourceQuality "1"]
[TimeControl "30/5400+30:0"]

1. e4 c5 2. Nf3 Nc6 3. d4 cxd4 4. Nxd4 Nf6 5. Nc3 e5 6. Ndb5 d6 7. Bg5 a6 8. Na3 b5 9. Bxf6 gxf6 10. Nd5 Bg7 11. Bd3 Ne7 12. Nxe7 Qxe7 13. O-O O-O 14. c4 f5 15. Qh5 f4 16. cxb5 axb5 17. Nxb5 Be6 18. a4 Bb3 19. Nc3 Rfb8 20. a5 Qc7 21. Nb5 Qd7 22. Qe2 d5 23. exd5 Bxd5 24. Rfd1 Qb7 25. a6 f3 26. Bxh7+ Kh8 27. axb7 fxe2 28. bxa8=Q exd1=Q+ 29. Rxd1 Bxa8 30. Bd3 e4 31. Bc4 Bc6 32. Nd6 Bxb2 33. Nxf7+ Kg7 34. Ng5 Ba4 35. Rf1 Bc2 36. h4 Rb4 37. Bd5 e3 38. fxe3 Rxh4 39. Rf2 Rh5 40. Ne6+ 1-0

[Event "GER-chT Youth Countries 2020"]
[Site "Berlin"]
[Date "2020.10.02"]
[Round "5"]
[White "Poetsch, Leonore"]
[Black "Ley, Sabrina"]
[Result "1-0"]
[ECO "B94"]
[WhiteElo "1984"]
[BlackElo "1871"]
[Annotator "ChessBase"]
[PlyCount "46"]
[EventDate "2020.09.30"]
[EventType "team-tourn"]
[EventRounds "7"]
[EventCountry "GER"]
[SourceTitle "playchess.com"]
[Source "ChessBase"]
[SourceQuality "1"]
[TimeControl "30/5400+30:0"]

1. e4 c5 2. Nf3 d6 3. d4 cxd4 4. Nxd4 Nf6 5. Nc3 a6 6. Bg5 Nbd7 7. f4 e6 8. Qf3 Qc7 9. O-O-O b5 10. a3 Bb7 11. g4 Be7 12. Bxf6 gxf6 13. h4 Nb6 14. g5 Rc8 15. Qh5 Na4 16. Nxe6 Qc6 17. Nd4 Qc5 18. Nxa4 bxa4 19. Bh3 Rc7 20. Be6 Bxe4 21. Bxf7+ Kd7 22. Be6+ Kd8 23. Rh2 Qb6 1-0

[Event "GER-chT Youth Countries 2020"]
[Site "Berlin"]
[Date "2020.10.02"]
[Round "5"]
[White "Bardorz, Jana"]
[Black "Wagner, Margarethe"]
[Result "1-0"]
[ECO "B20"]
[WhiteElo "1960"]
[BlackElo "1804"]
[Annotator "ChessBase"]
[PlyCount "105"]
[EventDate "2020.09.30"]
[EventType "team-tourn"]
[EventRounds "7"]
[EventCountry "GER"]
[SourceTitle "playchess.com"]
[Source "ChessBase"]
[SourceQuality "1"]
[TimeControl "30/5400+30:0"]

1. e4 c5 2. d3 d6 3. f4 Nc6 4. Nf3 Nf6 5. Be2 e6 6. O-O Be7 7. Nc3 Nd4 8. Nxd4 cxd4 9. Nb1 Bd7 10. c3 Qb6 11. Qb3 Qxb3 12. axb3 e5 13. Nd2 dxc3 14. bxc3 exf4 15. Nf3 O-O 16. Bxf4 Rfc8 17. c4 h6 18. Bg3 b5 19. Nd4 bxc4 20. bxc4 a5 21. Rfb1 Ne8 22. Bd1 Bf6 23. Bf2 Rcb8 24. Kf1 a4 25. h3 Nc7 26. Rxb8+ Rxb8 27. Ra2 Ra8 28. Nf5 Ra6 29. Ke2 Bc3 30. Bd4 Bxd4 31. Nxd4 Kf8 32. Kd2 Ne6 33. Nb5 Nc5 34. Bc2 Bxb5 35. cxb5 Rb6 36. d4 Ne6 37. Bxa4 Nxd4 38. Kd3 Ne6 39. Kc4 f6 40. Kb4 Nc5 41. Bc2 Rb7 42. Ra8+ Ke7 43. Ka5 Ke6 44. b6 Nd7 45. Ra7 Rb8 46. Bb3+ d5 47. Bxd5+ Kd6 48. Rc7 h5 49. Rc6+ Ke7 50. b7 Kd8 51. Rc3 Ne5 52. Ka6 Nd7 53. Ka7 1-0

[Event "GER-chT Youth Countries 2020"]
[Site "Berlin"]
[Date "2020.10.02"]
[Round "5"]
[White "Zackrisson, Peter"]
[Black "Tovmasyan, Minas"]
[Result "1-0"]
[ECO "B42"]
[WhiteElo "1947"]
[BlackElo "1658"]
[Annotator "ChessBase"]
[PlyCount "77"]
[EventDate "2020.09.30"]
[EventType "team-tourn"]
[EventRounds "7"]
[EventCountry "GER"]
[SourceTitle "playchess.com"]
[Source "ChessBase"]
[SourceQuality "1"]
[TimeControl "30/5400+30:0"]

1. e4 c5 2. Nf3 e6 3. d4 cxd4 4. Nxd4 a6 5. Bd3 Qc7 6. O-O Nf6 7. Qe2 d6 8. c4 b6 9. Nc3 Be7 10. f4 O-O 11. Kh1 Bb7 12. Be3 Nbd7 13. Bg1 Rac8 14. Rac1 Rfd8 15. Rf3 Nc5 16. Bb1 Bf8 17. Rff1 Re8 18. e5 dxe5 19. fxe5 Nfd7 20. b4 Nxe5 21. bxc5 Bxc5 22. Ne4 Ng6 23. Nxc5 bxc5 24. Nb3 Qe7 25. Be4 Bxe4 26. Qxe4 Red8 27. Rfd1 Qg5 28. Be3 Qh5 29. Rxd8+ Rxd8 30. Nxc5 Qe2 31. Bg1 Qd2 32. Qc2 Qg5 33. Ne4 Qf4 34. c5 f5 35. Nd6 Qe5 36. Qc3 Qe2 37. Qc4 Qe5 38. Bd4 Qf4 39. Qxe6+ 1-0

[Event "GER-chT Youth Countries 2020"]
[Site "Berlin"]
[Date "2020.10.02"]
[Round "5"]
[White "Moenster, Madita"]
[Black "Haubold, Sebastian Marcel"]
[Result "1/2-1/2"]
[ECO "C70"]
[WhiteElo "1918"]
[BlackElo "1769"]
[Annotator "ChessBase"]
[PlyCount "158"]
[EventDate "2020.09.30"]
[EventType "team-tourn"]
[EventRounds "7"]
[EventCountry "GER"]
[SourceTitle "playchess.com"]
[Source "ChessBase"]
[SourceQuality "1"]
[TimeControl "30/5400+30:0"]

1. e4 e5 2. Nf3 Nc6 3. Bb5 a6 4. Ba4 g6 5. c3 Bg7 6. d4 exd4 7. cxd4 b5 8. Bc2 d6 9. h3 Nf6 10. O-O O-O 11. Re1 Bb7 12. Bf4 Re8 13. Nbd2 Rc8 14. a4 Nb4 15. Bb1 c5 16. axb5 axb5 17. Qb3 h6 18. e5 Nfd5 19. Bg3 c4 20. Qd1 dxe5 21. Nxe5 Nc6 22. Ndf3 Ndb4 23. Qd2 Nxe5 24. Nxe5 Nc6 25. Nxc6 Rxe1+ 26. Qxe1 Bxc6 27. Be5 Qg5 28. Be4 Bxe5 29. Bxc6 Bxd4 30. Rd1 Bxf2+ 31. Qxf2 Rxc6 32. Kh1 Kg7 33. Qf3 Qf6 34. Qe2 b4 35. Rf1 Qd4 36. Rd1 Qc5 37. Qe8 Rc8 38. Qd7 c3 39. bxc3 bxc3 40. Rf1 Rf8 41. Qd3 c2 42. Rc1 Rc8 43. Qe2 Qc3 44. Qf2 Qb2 45. Qd2 Qc3 46. Qe2 Rc6 47. Qf2 Qd3 48. Qe1 Re6 49. Qg1 Rd6 50. Kh2 Qd1 51. Qe3 Kh7 52. Qf2 Qd5 53. Qxc2 Qe5+ 54. Kh1 Qf4 55. Rd1 Rf6 56. Qd2 Qg3 57. Qd3 Qxd3 58. Rxd3 Rf1+ 59. Kh2 g5 60. g4 h5 61. Kg3 Kg6 62. Rd6+ f6 63. Rd4 hxg4 64. hxg4 f5 65. gxf5+ Kxf5 66. Rd5+ Kf6 67. Rb5 Kg6 68. Kg4 Rg1+ 69. Kh3 Kh5 70. Rb8 Ra1 71. Rb3 Ra4 72. Kg3 Rh4 73. Ra3 Rh1 74. Kg2 Rh4 75. Kg3 Rg4+ 76. Kh3 Rg1 77. Kh2 Rd1 78. Kg3 Rd4 79. Rb3 Rg4+ 1/2-1/2

[Event "GER-chT Youth Countries 2020"]
[Site "Berlin"]
[Date "2020.10.02"]
[Round "5"]
[White "Dietz, Kristin"]
[Black "Hommer, Jeremy"]
[Result "0-1"]
[ECO "B15"]
[WhiteElo "1913"]
[BlackElo "2246"]
[Annotator "ChessBase"]
[PlyCount "94"]
[EventDate "2020.09.30"]
[EventType "team-tourn"]
[EventRounds "7"]
[EventCountry "GER"]
[SourceTitle "playchess.com"]
[Source "ChessBase"]
[SourceQuality "1"]
[TimeControl "30/5400+30:0"]

1. e4 c6 2. d4 d5 3. Nd2 dxe4 4. Nxe4 Nf6 5. Nxf6+ exf6 6. c3 Bd6 7. Bd3 O-O 8. Qc2 Re8+ 9. Ne2 h5 10. O-O h4 11. h3 Nd7 12. Be3 Nf8 13. Rfd1 Be6 14. c4 Rc8 15. Rac1 Bb8 16. Qb1 g5 17. d5 cxd5 18. cxd5 Rxc1 19. Qxc1 Bc8 20. Nc3 Kg7 21. Bb5 Bd7 22. Bd4 Bf4 23. Qc2 Bxb5 24. Nxb5 Qxd5 25. Qa4 Qe4 26. f3 Qc6 27. Bxa7 Re5 28. Nc3 Qxa4 29. Nxa4 Ra5 30. Bc5 Rxa4 31. a3 Rc4 32. b4 Ne6 33. Rd7 Nxc5 34. bxc5 Be3+ 35. Kf1 Bxc5 36. Rxb7 Rc1+ 37. Ke2 Rc2+ 38. Kd3 Rxg2 39. a4 Rg3 40. Kc4 Bf2 41. a5 Rxf3 42. Rb2 f5 43. a6 g4 44. hxg4 fxg4 45. Ra2 g3 46. a7 Bxa7 47. Rxa7 g2 0-1

[Event "GER-chT Youth Countries 2020"]
[Site "Berlin"]
[Date "2020.10.02"]
[Round "5"]
[White "Halabi, Ibrahim"]
[Black "Bakiev, Diyor"]
[Result "1/2-1/2"]
[ECO "B13"]
[WhiteElo "1895"]
[BlackElo "2070"]
[Annotator "ChessBase"]
[PlyCount "67"]
[EventDate "2020.09.30"]
[EventType "team-tourn"]
[EventRounds "7"]
[EventCountry "GER"]
[SourceTitle "playchess.com"]
[Source "ChessBase"]
[SourceQuality "1"]
[TimeControl "30/5400+30:0"]

1. e4 c6 2. d4 d5 3. exd5 cxd5 4. c4 Nf6 5. Nc3 Nc6 6. Nf3 Bg4 7. cxd5 Nxd5 8. Qb3 Bxf3 9. gxf3 e6 10. Qxb7 Nxd4 11. Bb5+ Nxb5 12. Qc6+ Ke7 13. Qxb5 Qd7 14. Qxd7+ Kxd7 15. Nxd5 exd5 16. Be3 Bb4+ 17. Ke2 Rhc8 18. Rac1 a5 19. Rxc8 Rxc8 20. Rc1 Rb8 21. Bd4 g6 22. a3 Bd6 23. h3 a4 24. Kd3 Rb3+ 25. Ke2 h5 26. Rc2 Rb5 27. Kd3 Be7 28. Ke3 Bg5+ 29. Kd3 Rb3+ 30. Ke2 Be7 31. Rc1 Bd6 32. Rc2 Rb8 33. Kd3 Rb5 34. Rc1 1/2-1/2

[Event "GER-chT Youth Countries 2020"]
[Site "Berlin"]
[Date "2020.10.02"]
[Round "5"]
[White "Grossmann, Piet"]
[Black "Tiarks, Jann-Christian"]
[Result "1/2-1/2"]
[ECO "B90"]
[WhiteElo "1849"]
[BlackElo "2151"]
[Annotator "ChessBase"]
[PlyCount "52"]
[EventDate "2020.09.30"]
[EventType "team-tourn"]
[EventRounds "7"]
[EventCountry "GER"]
[SourceTitle "playchess.com"]
[Source "ChessBase"]
[SourceQuality "1"]
[TimeControl "30/5400+30:0"]

1. e4 c5 2. Nf3 d6 3. d4 cxd4 4. Nxd4 Nf6 5. Nc3 a6 6. Be3 e5 7. Nb3 Be6 8. f3 Be7 9. Qd2 h5 10. Nd5 Nxd5 11. exd5 Bf5 12. Bd3 Bxd3 13. Qxd3 Bg5 14. O-O-O Bxe3+ 15. Qxe3 Nd7 16. Nd2 O-O 17. Ne4 Nf6 18. Nxf6+ Qxf6 19. h4 Rac8 20. Qg5 Qxg5+ 21. hxg5 g6 22. Rh4 Rfd8 23. b3 Rc5 24. Kb2 Rdc8 25. Rd2 b5 26. a4 Kf8 1/2-1/2

[Event "GER-chT Youth Countries 2020"]
[Site "Berlin"]
[Date "2020.10.02"]
[Round "5"]
[White "Viet, Silas"]
[Black "Hoppstaedter, Daniel"]
[Result "1-0"]
[ECO "A45"]
[WhiteElo "1846"]
[BlackElo "1712"]
[Annotator "NA"]
[PlyCount "79"]
[EventDate "2020.09.30"]
[EventType "team-tourn"]
[EventRounds "7"]
[EventCountry "GER"]
[SourceTitle "playchess.com"]
[Source "ChessBase"]
[SourceQuality "1"]
[TimeControl "30/5400+30:0"]

1. d4 Nf6 2. Bf4 g6 3. Nc3 d5 4. h4 Bg7 5. e3 h5 6. Bd3 O-O 7. Qe2 c5 8. Qd2 Nc6 9. Nf3 c4 10. Be2 b5 11. a3 Bf5 12. Ne5 Qb6 13. Bf3 Rfd8 14. O-O a5 15. Rfe1 e6 16. Bg5 b4 17. Na4 Qb5 18. Nxc6 Qxc6 19. Nc5 Qb6 20. b3 c3 21. Qd1 Re8 22. Be2 Nh7 23. Bd3 Bxd3 24. Nxd3 f6 25. Bf4 e5 26. dxe5 fxe5 27. Bg3 e4 28. Nf4 d4 29. exd4 Bxd4 30. Nd5 Qc5 31. Nc7 Rf8 32. Rf1 Rad8 33. Ne6 Qb6 34. Nxd8 Rxd8 35. Qe2 Nf6 36. axb4 axb4 37. Ra6 Qb7 38. Kh1 Bb6 39. Qb5 Nd5 40. Rd1 1-0

[Event "GER-chT Youth Countries 2020"]
[Site "Berlin"]
[Date "2020.10.02"]
[Round "5"]
[White "Sommer, Justus"]
[Black "Kempe, Caius Emilian"]
[Result "0-1"]
[ECO "B30"]
[WhiteElo "1845"]
[BlackElo "1910"]
[Annotator "ChessBase"]
[PlyCount "96"]
[EventDate "2020.09.30"]
[EventType "team-tourn"]
[EventRounds "7"]
[EventCountry "GER"]
[SourceTitle "playchess.com"]
[Source "ChessBase"]
[SourceQuality "1"]
[TimeControl "30/5400+30:0"]

1. e4 c5 2. Nf3 Nc6 3. Bb5 d6 4. d4 cxd4 5. Nxd4 Bd7 6. O-O g6 7. Nc3 Bg7 8. Be3 Nf6 9. h3 O-O 10. Nxc6 bxc6 11. Ba4 Qa5 12. Bb3 c5 13. Qe2 Qb4 14. Bd2 Qb7 15. Nd5 e6 16. Nxf6+ Bxf6 17. Qf3 Bg7 18. Rfe1 Bc6 19. c3 a5 20. Rab1 d5 21. exd5 exd5 22. Qg3 d4 23. Bf4 Rfe8 24. Be5 Be4 25. f4 Bxb1 26. Rxb1 a4 27. Bc2 Bxe5 28. fxe5 Qd5 29. Re1 Qxa2 30. cxd4 cxd4 31. Be4 Rac8 32. Qf2 Rxe5 33. Bb7 Rxe1+ 34. Qxe1 Rf8 35. Qb4 Qb1+ 36. Kh2 d3 37. Be4 Qd1 38. Bf3 Qb3 39. Qd4 Rb8 40. Bd5 Qxb2 41. Qxd3 a3 42. Qc4 Qe5+ 43. g3 Rb2+ 44. Bg2 Qe2 45. Qc8+ Kg7 46. Qc3+ Kh6 47. Qc1+ Qd2 48. Qf1 Qxg2+ 0-1

[Event "GER-chT Youth Countries 2020"]
[Site "Berlin"]
[Date "2020.10.02"]
[Round "5"]
[White "Rudolph, Eva"]
[Black "Zhou, Lepu Coco"]
[Result "0-1"]
[ECO "C44"]
[WhiteElo "1836"]
[BlackElo "1872"]
[Annotator "NA"]
[PlyCount "50"]
[EventDate "2020.09.30"]
[EventType "team-tourn"]
[EventRounds "7"]
[EventCountry "GER"]
[SourceTitle "playchess.com"]
[Source "ChessBase"]
[SourceQuality "1"]
[TimeControl "30/5400+30:0"]

1. e4 e5 2. Nf3 Nc6 3. d4 exd4 4. Nxd4 Nf6 5. Nc3 Bb4 6. Nxc6 bxc6 7. Bd3 d5 8. Bd2 O-O 9. O-O Be6 10. Nxd5 Bxd2 11. Nxf6+ Qxf6 12. Qxd2 Qxb2 13. Rab1 Qd4 14. Qa5 c5 15. Rfd1 c4 16. Be2 Qf6 17. Rb7 Rad8 18. Rdb1 Qf4 19. Bf3 Rd2 20. c3 Rc2 21. h3 Qd2 22. Qxa7 Rxa2 23. Qd4 Qxd4 24. cxd4 c6 25. Rc1 f5 0-1

[Event "GER-chT Youth Countries 2020"]
[Site "Berlin"]
[Date "2020.10.02"]
[Round "5"]
[White "Kluehs, Gustaf"]
[Black "Bashylina, Luisa"]
[Result "1/2-1/2"]
[ECO "A05"]
[WhiteElo "1827"]
[BlackElo "2005"]
[Annotator "ChessBase"]
[PlyCount "63"]
[EventDate "2020.09.30"]
[EventType "team-tourn"]
[EventRounds "7"]
[EventCountry "GER"]
[SourceTitle "playchess.com"]
[Source "ChessBase"]
[SourceQuality "1"]
[TimeControl "30/5400+30:0"]

1. Nf3 Nf6 2. g3 d5 3. Bg2 Bf5 4. b3 h6 5. Ba3 Nbd7 6. c4 e6 7. Bxf8 Nxf8 8. O-O N8d7 9. Nc3 c6 10. cxd5 exd5 11. d3 O-O 12. b4 Nb6 13. Na4 Re8 14. Nc5 Qe7 15. e3 Nc8 16. Qd2 Nd6 17. Nd4 Bh7 18. Rfc1 Nd7 19. Nxd7 Qxd7 20. Rab1 Rac8 21. Rb3 Rc7 22. Rbc3 Rec8 23. h4 a6 24. Kh2 Nb5 25. Nxb5 axb5 26. d4 Ra8 27. Bf1 Rcc8 28. a3 Re8 29. Bd3 Ra4 30. Bxh7+ Kxh7 31. Qd3+ Kg8 32. Rb3 1/2-1/2